 Dungeon Crawl Stone Soup version 0.24.0-125-gc4c63601f3 (webtiles) character file.

Game seed: 13693445786118120833, levelgen mode: deterministic

12583 ssibal the Covert (level 11, -12/75 HPs)
             Began as an Octopode Assassin on Mar 20, 2020.
             Was a Priest of Dithmenos.
             Mangled by a death yak (27 damage)
             ... on level 10 of the Dungeon.
             The game lasted 01:00:24 (14849 turns).

ssibal the Covert (Octopode Assassin)              Turns: 14849, Time: 01:00:25

Health: -12/75     AC:  5    Str: 11    XL:     11   Next: 95%
Magic:  12/12      EV: 18    Int: 13    God:    Dithmenos [***...]
Gold:   610        SH:  0    Dex: 17    Spells: 10/11 levels left

rFire    . . .     SeeInvis .   a - +1 dagger (elec)
rCold    . . .     Gourm    +   (no shield)
rNeg     . . .     Faith    .   F - +2 hat
rPois    .         Spirit   .   u - amulet of the gourmand
rElec    .         Reflect  .   j - -2 ring of strength (curse)
rCorr    .         Harm     .   m - ring of protection from magic
MR       +....                  (no ring)
Stlth    +++++++++.             (no ring)
HPRegen  0.22/turn              (no ring)
MPRegen  0.13/turn              (no ring)
                                (no ring)
                                (no ring)

@: wreathed by umbra
A: almost no armour, stealthy swim, amphibious, 8 rings, constrict 8, thin
metallic scales 1, camouflage 1, blurry vision 1, low mp 1, strong 1, gelatinous
body 1
a: Shadow Step, Renounce Religion


You were on level 10 of the Dungeon.
You worshipped Dithmenos.
Dithmenos was most pleased with you.
You were very full.

You visited 1 branch of the dungeon, and saw 11 of its levels.

You collected 662 gold pieces.
You spent 52 gold pieces at shops.

Inventory:

Hand Weapons
 a - a +1 dagger of electrocution (weapon)
 b - a +0 hunting sling
 s - a +2 dagger
 y - a +3 scimitar
 J - a cursed +4 hand axe
Missiles
 c - 7 curare-tipped darts
 e - 444 stones
 p - 10 poisoned darts (quivered)
 B - 3 throwing nets
 E - 2 javelins
 L - 74 sling bullets
Armour
 F - a +2 hat (worn)
Jewellery
 j - a cursed -2 ring of strength (left tentacle)
 m - a ring of protection from magic (right tentacle)
 u - an amulet of the gourmand (around mantle)
Wands
 G - a wand of polymorph (13)
 I - a wand of random effects (23)
 M - a wand of acid (5)
 O - a wand of enslavement (10)
 Q - a wand of disintegration (4)
 R - a wand of flame (12)
Scrolls
 f - 4 scrolls of teleportation
 h - 3 scrolls of enchant weapon {unknown}
 i - 2 scrolls of fear {unknown}
 k - a scroll of enchant armour {unknown}
 l - 3 scrolls of blinking {unknown}
 n - 3 scrolls of amnesia {unknown}
 o - 3 scrolls of magic mapping
 q - 2 scrolls of fog {unknown}
 r - 8 scrolls of remove curse {unknown}
 w - 3 scrolls of identify
 x - 2 scrolls of immolation {unknown}
 z - a scroll of vulnerability {unknown}
Potions
 g - 4 potions of brilliance
 t - 2 potions of berserk rage
 A - a potion of lignification
 C - 2 potions of flight
 D - 3 potions of cancellation
 H - a potion of ambrosia
 N - 2 potions of agility
 S - a potion of curing
Comestibles
 d - 31 rations


   Skills:
 * Level 7.5 Fighting
 * Level 8.2 Short Blades
 + Level 1.4(6.3) Slings
 + Level 9.7(9.8) Throwing
 * Level 6.9 Dodging
 - Level 13.1 Stealth
 + Level 0.9 Spellcasting
 + Level 1.1 Conjurations
 + Level 2.0 Poison Magic
 - Level 3.4 Invocations
 + Level 1.0 Evocations


You had 10 spell levels left.
You knew the following spells:

 Your Spells              Type           Power        Failure   Level  Hunger
a - Sting                 Conj/Pois      #...         14%         1    ##.....

Your spell library contained the following spells:

 Spells                   Type           Power        Failure   Level  Hunger


Dungeon Overview and Level Annotations

Branches:
Dungeon (11/15)            Temple (0/1) D:7            Lair (0/6) D:11
    Orc (0/2) D:10

Altars:
Cheibriados
Dithmenos
Elyvilon
Makhleb
Nemelex Xobeh
Sif Muna
Trog
Wu Jian
Xom
The Shining One

Shops:
D:9 ?

Annotations:
D:3 2 transporters, exclusion: downstairs, Sassenached's ghost, amateur DrWn
D:4 2 transporters, exclusion: downstairs
D:6 exclusion: 2 downstairs
D:7 exclusion: downstairs
D:9 exclusion: downstairs
D:10 exclusion: downstairs


Innate Abilities, Weirdness & Mutations

You cannot wear most types of armour.
You are very stealthy in the water. (Stealth+)
You are amphibious.
You can wear up to eight rings at the same time.
You can use your tentacles to constrict eight enemies at once.
Your skin changes colour to match your surroundings (Stealth+).
Your rubbery body absorbs attacks. (AC +1, EV +1)
You are partially covered in thin metallic scales. (AC +2)
Scrolls take you a little longer to read.
Your magical capacity is low. (-10% MP)
Your muscles are strong. (Str +2)


Message History

The death yak is severely wounded.
The death yak gores you.
You hit the death yak.
The death yak is severely wounded.
You hit the death yak but do no damage.
Lightning courses through the death yak!
The death yak is almost dead.
The death yak gores you!!
* * * LOW HITPOINT WARNING * * *
You are too injured to fight recklessly!
You are too injured to fight recklessly!
You hit the death yak but do no damage.
The death yak is almost dead.
The death yak barely misses you.
You hit the death yak but do no damage.
The death yak is almost dead.
You hit the death yak but do no damage.
The death yak is almost dead.
The death yak gores you!!
You die...

#### #... #... #...
#########
###############[..
####...<..(###
#@Y...............
.....#####...#
###############)..
###### ##..############
###....
#>............###....##
#############.........#
####..#...# ########
###.##...# .#.....##
###...##.... ........##
####### #)..####..##


You could see a death yak.

Vanquished Creatures
  A death knight (D:8)
  3 two-headed ogres
  Erica (D:10)
  A death yak (D:10)
  Sonja (D:10)
  A cyclops (D:11)
  3 trolls
  Prince Ribbit (D:7)
  3 hippogriffs
  A wyvern (D:11)
  5 yaks
  A steam dragon (D:11)
  An acid dragon (D:11)
  2 porcupines (D:11)
  An orc warrior (D:9)
  3 ice beasts
  A necrophage (D:8)
  2 phantoms
  9 ogres
  A centaur (D:5)
  2 crocodiles
  4 bullfrogs
  2 big kobolds
  A wyvern zombie (D:11)
  5 scorpions
  15 killer bees
  4 wights (D:7)
  7 howler monkeys
  5 crimson imps
  A quasit (D:7)
  2 bullfrog zombies
  7 hounds
  5 centaur skeletons
  3 orc priests
  4 jellies
  10 orc wizards
  A bullfrog skeleton (D:7)
  A gnoll shaman (D:8)
  4 iguanas
  7 worker ants
  A hell rat (D:11)
  2 hound zombies
  A hound skeleton (D:8)
  A howler monkey zombie (D:6)
  4 gnolls
  5 adders
  A river rat (D:11)
  A shadow imp (D:6)
  An ooze (D:3)
  An adder skeleton (D:9)
  3 dart slugs
  6 leopard geckos
  31 orcs
  2 bats
  10 giant cockroaches
  4 goblins
  12 hobgoblins
  8 jackals
  8 quokkas
  A ball python (D:3)
  3 frilled lizards
  13 kobolds
  A leopard gecko skeleton (D:4)
  A quokka zombie (D:5)
  6 rats
259 creatures vanquished.

Notes
Turn   | Place    | Note
-------+----------+-------------------------------------------
     0 | D:1      | ssibal the Octopode Assassin began the quest for the Orb.
     0 | D:1      | Reached XP level 1. HP: 14/14 MP: 1/1
   132 | D:1      | Reached XP level 2. HP: 19/19 MP: 2/2
   973 | D:1      | Reached skill level 6 in Stealth
   976 | D:1      | Reached XP level 3. HP: 15/24 MP: 3/3
  1727 | D:2      | Found a glowing golden altar of the Shining One.
  1789 | D:2      | Reached XP level 4. HP: 30/30 MP: 4/4
  2049 | D:3      | Reached skill level 7 in Stealth
  2132 | D:3      | Reached XP level 5. HP: 35/35 MP: 5/5
  2275 | D:3      | Found a shimmering altar of Xom.
  2276 | D:3      | Found a white marble altar of Elyvilon.
  2395 | D:3      | Found a burning altar of Makhleb.
  2807 | D:3      | Found a snail-covered altar of Cheibriados.
  2960 | D:3      | Identified the +11 trident of Judgement {vamp, +Inv rF+
                  | SInv}
  2960 | D:3      | Identified the +6 scale mail of Imperfection {*Contam rPois
                  | rCorr Str+8}
  2983 | D:3      | Found a transporter.
  2984 | D:3      | Found a transporter.
  3102 | D:3      | Found a shimmering blue altar of Sif Muna.
  3119 | D:3      | Reached XP level 6. HP: 23/41 MP: 6/6
  3276 | D:3      | Identified Sif Muna's Disquisition on Intoxication
  3477 | D:4      | Reached skill level 8 in Stealth
  3720 | D:4      | Found a transporter.
  3745 | D:4      | Found a transporter.
  3798 | D:4      | Noticed a phantom
  3857 | D:3      | Reached XP level 7. HP: 42/46 MP: 7/7
  4679 | D:4      | Found a sparkling altar of Nemelex Xobeh.
  4952 | D:5      | Entered Level 5 of the Dungeon
  4970 | D:5      | Reached skill level 9 in Stealth
  5370 | D:5      | Noticed a troll
  5372 | D:5      | Killed a troll
  5372 | D:5      | Reached XP level 8. HP: 52/52 MP: 8/8
  5734 | D:5      | Reached skill level 10 in Stealth
  6122 | D:5      | Learned a level 1 spell: Sting
  6337 | D:6      | Found a shadowy altar of Dithmenos.
  6418 | D:6      | Became a worshipper of Dithmenos the Shadowed
  6776 | D:6      | Found an ornate altar of the Wu Jian Council.
  6979 | D:7      | Noticed Prince Ribbit
  6985 | D:7      | Killed Prince Ribbit
  6985 | D:7      | Reached skill level 11 in Stealth
  7053 | D:7      | Reached skill level 5 in Short Blades
  7053 | D:7      | Reached XP level 9. HP: 52/58 MP: 9/9
  7130 | D:7      | Found a staircase to the Ecumenical Temple.
  7149 | D:7      | Reached skill level 1 in Poison Magic
  7280 | D:7      | Reached skill level 12 in Stealth
  7865 | D:6      | Reached skill level 5 in Throwing
  8580 | D:8      | Reached * piety under Dithmenos
  8656 | D:8      | Found a bloodstained altar of Trog.
  8759 | D:8      | Noticed a death knight
  8771 | D:8      | Killed a death knight
  8771 | D:8      | Reached skill level 5 in Fighting
  8771 | D:8      | Reached skill level 13 in Stealth
  8771 | D:8      | Reached XP level 10. HP: 30/66 MP: 10/10
  9647 | D:3      | Noticed Sassenached's ghost (amateur DrWn)
 10501 | D:9      | Found Qicegeic's Magic Scroll Boutique.
 10604 | D:9      | Bought a scroll of magic mapping for 52 gold pieces
 10654 | D:9      | Reached skill level 5 in Dodging
 10911 | D:9      | Reached ** piety under Dithmenos
 11060 | D:10     | Entered Level 10 of the Dungeon
 11168 | D:10     | Reached skill level 1 in Slings
 11379 | D:10     | Reached skill level 1 in Invocations
 11540 | D:10     | Noticed Sonja
 11548 | D:10     | Killed Sonja
 11643 | D:10     | Reached XP level 11. HP: 72/72 MP: 12/12
 11666 | D:10     | Found a staircase to the Orcish Mines.
 11892 | D:10     | Noticed Erica
 11901 | D:10     | Killed Erica
 12139 | D:11     | Noticed a death yak
 12272 | D:11     | Noticed a cyclops
 12766 | D:11     | Found a staircase to the Lair.
 12856 | D:11     | Reached *** piety under Dithmenos
 13098 | D:11     | Killed a cyclops
 13182 | D:11     | Noticed a death yak
 13488 | D:11     | Noticed a death yak
 13600 | D:11     | Gained mutation: Your magical capacity is low. (-10% MP)
                  | [potion of mutation]
 13600 | D:11     | Gained mutation: Scrolls take you a little longer to read.
                  | [potion of mutation]
 13600 | D:11     | Gained mutation: You are partially covered in thin metallic
                  | scales. (AC +2) [potion of mutation]
 13600 | D:11     | Gained mutation: Your muscles are strong. (Str +2) [potion
                  | of mutation]
 13620 | D:11     | Noticed a two-headed ogre
 13644 | D:11     | Noticed an ogre mage
 13644 | D:11     | Noticed a two-headed ogre
 13715 | D:10     | Killed a two-headed ogre
 13768 | D:11     | Noticed a two-headed ogre
 13779 | D:11     | Killed a two-headed ogre
 13803 | D:10     | Killed a two-headed ogre
 13822 | D:10     | Killed a death yak
 14397 | D:11     | Reached skill level 1 in Evocations
 14478 | D:11     | Reached skill level 1 in Conjurations
 14785 | D:11     | Noticed a brown ugly thing
 14849 | D:10     | Mangled by a death yak

Levels and vault maps discovered:
D:1:      dpeg_chamrin_arrival_tetris, layout_loops_ring, kennysheep_boxes
D:2:      layout_basic, nicolae_overflow_crystal_walls, first_ration
D:3:      layout_loops_ring, gammafunk_temple_overflow_pools,
          kennysheep_slug_shrine, makhleb_heckhound_becter,
          gammafunk_ghost_gnarly_gnolls, serial_rivers,
          chequers_serial_rivers_room_a, chequers_serial_rivers_micro_b,
          chequers_serial_rivers_micro_a, chequers_serial_rivers_small_3,
          led_sif_book
D:4:      gammafunk_steamed_eel, layout_gridville,
          nemelex_xobeh_ov_fountains_minmay, corexii_shack,
          kennysheep_decorative_pillar
D:5:      layout_gridville, minmay_splitting_lines
D:6:      layout_basic, lemuel_doored_altar, grunt_dithmenos_shadows
D:7:      layout_basic, minmay_temple_entry_glass, uniq_prince_ribbit1
D:8:      layout_basic, bloody_trog, grunt_ogre_cave
D:9:      layout_roguey, serial_shops, shop
D:10:     layout_rooms, orc_0_dummy, uniq_erica, uniq_sonja
D:11:     layout_gridville, dpeg_lair_monsters

Skill      XL: |  1  2  3  4  5  6  7  8  9 10 11 |
---------------+----------------------------------+-----
Stealth        | 6 7 8 9 11 13 | 13.1
Short Blades   | 3 4 5 6 7 8 |  8.2
Dodging        | 2 3 4 5 6 |  6.9
Fighting       | 3 4 5 6 7 |  7.5
Throwing       | 3 4 6 8 9 |  9.7
Poison Magic   | 1 2 |  2.0
Slings         | 1 |  1.4
Invocations    | 2 3 |  3.4
Evocations     | 1 |  1.0
Conjurations   | 1 |  1.1
Spellcasting   | |  0.9

Action                   |  1- 3 |  4- 6 |  7- 9 | 10-12 || total
-------------------------+-------+-------+-------+-------++-------
Melee: Dagger            |    69 |    91 |   177 |   339 ||   676
       Constrict         |    15 |    20 |    29 |    44 ||   108
       Tentacles         |    12 |    18 |    29 |    77 ||   136
 Fire: Hunting sling     |       |       |       |     7 ||     7
Throw: Dart              |       |    27 |    33 |    80 ||   140
       Stone             |       |    19 |    19 |     7 ||    45
       Boomerang         |       |       |    16 |    12 ||    28
       Javelin           |       |       |       |     9 ||     9
 Cast: Sting             |       |       |     1 |    11 ||    12
Evoke: Wand              |       |       |       |     7 ||     7
       Box of beasts     |       |       |       |     2 ||     2
  Use: Scroll            |       |       |     9 |     4 ||    13
       Potion            |       |       |       |     5 ||     5
 Stab: Sleeping          |    15 |     6 |    24 |    20 ||    65
  Eat: Chunk             |     3 |    21 |    17 |    18 ||    59
Armor: Skin              |     3 |    11 |    15 |    18 ||    47
Dodge: Dodged            |    21 |    50 |    77 |   257 ||   405
